TOP OF THE 1ST |
Nolensville Knights batting - Pitching for Salt Lake City Buzz : RHP Masao Myoga
|
Pitching: RHP Masao Myoga
|
|
Batting: LHB Jorge Mateu
|
0-0: Fly out, F7 (Line Drive, 7, EV 99.4 MPH)
|
Batting: RHB Nick McGhee
|
0-0: Ball 1-0: Foul Ball, location: 2F 1-1: DOUBLE (Flyball, 78XD, EV 93.8 MPH)
|
Batting: LHB Russell Hamilton
|
0-0: Foul Ball, location: 2F 0-1: Called Strike 0-2: Foul Ball, location: 2F 0-2: Ball 1-2: Foul Ball, location: 2F 1-2: Ball 2-2: Ball 3-2: Foul Ball, location: 2F 3-2: SINGLE (Line Drive, 9LM, EV 111.2 MPH) Nick McGhee to third Runner from 3rd tries for Home, SAFE, no throw by RF
|
Batting: RHB Omar Luoa
|
0-0: Foul Ball, location: 2F 0-1: Fly out, F6 (Line Drive, 6, EV 70.0 MPH)
|
Batting: LHB Juan Jimínez
|
0-0: Ball 1-0: SINGLE (Flyball, 8LS, EV 98.1 MPH) Russell Hamilton to second Runner from 2nd tries for 3rd, SAFE, no throw by CF
|
Batting: RHB Dave Maxwell
|
0-0: Called Strike 0-1: Ball 1-1: Ball 2-1: Foul Ball, location: 2F 2-2: Ground out U3 (Groundball, 3, EV 93.8 MPH)
|
Top of the 1st over - 1 run, 3 hits, 0 errors, 2 left on base; Nolensville 1 - Salt Lake City 0 |
BOTTOM OF THE 1ST |
Salt Lake City Buzz batting - Pitching for Nolensville Knights : RHP Steve Young
|
Pitching: RHP Steve Young
|
|
Batting: RHB Juan Neváres
|
0-0: Called Strike 0-1: Fly out, F7 (Flyball, 78M, EV 78.8 MPH)
|
Batting: RHB Ángel Saelices
|
0-0: Ball 1-0: Foul Ball, location: 2F 1-1: Ball 2-1: Called Strike 2-2: Foul Ball, location: 2F 2-2: Foul Ball, location: 2F 2-2: Strikes out swinging
|
Batting: RHB Vinnie Nuyten
|
0-0: Called Strike 0-1: Ball 1-1: Ball 2-1: Fly out, F8 (Line Drive, 8RD, EV 94.4 MPH)
|
Bottom of the 1st over - 0 runs, 0 hits, 0 errors, 0 left on base; Nolensville 1 - Salt Lake City 0 |
TOP OF THE 2ND |
Nolensville Knights batting - Pitching for Salt Lake City Buzz : RHP Masao Myoga
|
Batting: RHB Dale Goodman
|
0-0: Ball 1-0: Ball 2-0: Ground out 6-3 (Groundball, 6, EV 83.1 MPH)
|
Batting: RHB Ace Felder
|
0-0: Ball 1-0: Ground out 1-3 (Groundball, 13, EV 68.1 MPH)
|
Batting: RHB Juan Perales
|
0-0: Ball 1-0: Ball 2-0: SINGLE (Line Drive, 9LS, EV 100.0 MPH)
|
Batting: LHB Jorge Mateu
|
0-0: Called Strike 0-1: Called Strike 0-2: Strikes out swinging
|
Top of the 2nd over - 0 runs, 1 hit, 0 errors, 1 left on base; Nolensville 1 - Salt Lake City 0 |
BOTTOM OF THE 2ND |
Salt Lake City Buzz batting - Pitching for Nolensville Knights : RHP Steve Young
|
Batting: LHB Aaron Day
|
0-0: Ball 1-0: Foul Ball, location: 2F 1-1: Ball 2-1: Ball 3-1: Ground out 4-3 (Groundball, 4, EV 77.5 MPH)
|
Batting: RHB César Vélez
|
0-0: Called Strike 0-1: Ball 1-1: Swinging Strike 1-2: Ball 2-2: Fly out, F7 (Flyball, 7D, EV 101.2 MPH)
|
Batting: SHB Cheong-hun Kang
|
0-0: Swinging Strike 0-1: SINGLE (Groundball, 34D, EV 94.4 MPH)
|
Batting: RHB Falco Opsteegh
|
0-0: Called Strike 0-1: Ball 1-1: Ball 2-1: DOUBLE (Flyball, 8RXD, EV 102.5 MPH) Cheong-hun Kang to third Runner from 3rd tries for Home, SAFE, no throw by CF
|
Batting: LHB Glenn Lockhart
|
0-0: Fly out, F8 (Line Drive, 8RM, EV 93.8 MPH)
|
Bottom of the 2nd over - 1 run, 2 hits, 0 errors, 1 left on base; Nolensville 1 - Salt Lake City 1 |
TOP OF THE 3RD |
Nolensville Knights batting - Pitching for Salt Lake City Buzz : RHP Masao Myoga
|
Batting: RHB Nick McGhee
|
0-0: Foul Ball, location: 2F 0-1: Ground out 6-3 (Groundball, 6, EV 77.5 MPH)
|
Batting: LHB Russell Hamilton
|
0-0: Ball 1-0: Ground out U3 (Groundball, 3S, EV 71.2 MPH)
|
Batting: RHB Omar Luoa
|
0-0: Called Strike 0-1: Ball 1-1: Swinging Strike 1-2: Foul Ball, location: 2F 1-2: Foul Ball, location: 2F 1-2: Strikes out swinging
|
Top of the 3rd over - 0 runs, 0 hits, 0 errors, 0 left on base; Nolensville 1 - Salt Lake City 1 |
BOTTOM OF THE 3RD |
Salt Lake City Buzz batting - Pitching for Nolensville Knights : RHP Steve Young
|
Batting: RHB Jun-soo Yi
|
0-0: Called Strike 0-1: Swinging Strike 0-2: Ball 1-2: Foul Ball, location: 2F 1-2: Ground out 6-3 (Groundball, 6, EV 81.2 MPH)
|
Batting: RHB Juan Neváres
|
0-0: Called Strike 0-1: Foul Ball, location: 2F 0-2: Fly out, F6 (Line Drive, 6, EV 65.6 MPH)
|
Batting: RHB Ángel Saelices
|
0-0: Ball 1-0: Ball 2-0: Ball 3-0: Called Strike 3-1: Base on Balls
|
Batting: RHB Vinnie Nuyten
|
0-0: Ball 1-0: Ball 2-0: Called Strike 2-1: Fly out, F3 (Popup, 23F, EV 90.0 MPH)
|
Bottom of the 3rd over - 0 runs, 0 hits, 0 errors, 1 left on base; Nolensville 1 - Salt Lake City 1 |
TOP OF THE 4TH |
Nolensville Knights batting - Pitching for Salt Lake City Buzz : RHP Masao Myoga
|
Batting: LHB Juan Jimínez
|
0-0: Ground out 3-1 (Groundball, 34, EV 103.8 MPH)
|
Batting: RHB Dave Maxwell
|
0-0: Foul Ball, location: 2F 0-1: Foul Ball, location: 2F 0-2: Ball 1-2: Ground out 3-1 (Groundball, 34, EV 85.6 MPH)
|
Batting: RHB Dale Goodman
|
0-0: Foul Ball, location: 2F 0-1: Ground out 6-3 (Groundball, 6M, EV 100.0 MPH)
|
Top of the 4th over - 0 runs, 0 hits, 0 errors, 0 left on base; Nolensville 1 - Salt Lake City 1 |
BOTTOM OF THE 4TH |
Salt Lake City Buzz batting - Pitching for Nolensville Knights : RHP Steve Young
|
Batting: LHB Aaron Day
|
0-0: Fly out, F7 (Flyball, 7S, EV 91.2 MPH)
|
Batting: RHB César Vélez
|
0-0: Ball 1-0: Called Strike 1-1: SINGLE (Groundball, 56D, EV 100.0 MPH)
|
Batting: SHB Cheong-hun Kang
|
0-0: Called Strike 0-1: Called Strike 0-2: Ball 1-2: Ball 2-2: SINGLE (Groundball, 4MD, EV 103.8 MPH) César Vélez to second Runner from 2nd tries for 3rd, SAFE, no throw by CF
|
Batting: RHB Falco Opsteegh
|
0-0: Ball 1-0: Foul Ball, location: 2F 1-1: Fly out, F9 (Flyball, 89M, EV 87.5 MPH) Runner from 3rd tags up, SCORES, throw by RF
|
Batting: LHB Glenn Lockhart
|
0-0: Ball 1-0: Ball 2-0: Ball 3-0: Called Strike 3-1: Foul Ball, location: 2F 3-2: Strikes out looking
|
Bottom of the 4th over - 1 run, 2 hits, 0 errors, 1 left on base; Nolensville 1 - Salt Lake City 2 |
TOP OF THE 5TH |
Nolensville Knights batting - Pitching for Salt Lake City Buzz : RHP Masao Myoga
|
Batting: RHB Ace Felder
|
0-0: Ball 1-0: Called Strike 1-1: Called Strike 1-2: Ball 2-2: Strikes out swinging
|
Batting: RHB Juan Perales
|
0-0: Called Strike 0-1: Fly out, F7 (Flyball, 78D, EV 96.9 MPH)
|
Batting: LHB Jorge Mateu
|
0-0: Ball 1-0: Called Strike 1-1: Ball 2-1: Ball 3-1: Base on Balls
|
Batting: RHB Nick McGhee
|
0-0: Ball Jorge Mateu steals 2nd base 1-0: Ground out 6-3 (Groundball, 6, EV 85.6 MPH)
|
Top of the 5th over - 0 runs, 0 hits, 0 errors, 1 left on base; Nolensville 1 - Salt Lake City 2 |
BOTTOM OF THE 5TH |
Salt Lake City Buzz batting - Pitching for Nolensville Knights : RHP Steve Young
|
Batting: RHB Jun-soo Yi
|
0-0: Ball 1-0: Foul Ball, location: 2F 1-1: Ground out U3 (Groundball, 3L, EV 81.2 MPH)
|
Batting: RHB Juan Neváres
|
0-0: Foul Ball, location: 2F 0-1: Ball 1-1: Fly out, F9 (Flyball, 9S, EV 92.5 MPH)
|
Batting: RHB Ángel Saelices
|
0-0: Ball 1-0: Ball 2-0: Swinging Strike 2-1: Swinging Strike 2-2: Foul Ball, location: 2F 2-2: Foul Ball, location: 2F 2-2: Ball 3-2: Foul Ball, location: 2F 3-2: Ground out 6-3 (Groundball, 6, EV 87.5 MPH)
|
Bottom of the 5th over - 0 runs, 0 hits, 0 errors, 0 left on base; Nolensville 1 - Salt Lake City 2 |
TOP OF THE 6TH |
Nolensville Knights batting - Pitching for Salt Lake City Buzz : RHP Masao Myoga
|
Batting: LHB Russell Hamilton
|
0-0: Reached on error, E6 (Flyball, 56D, EV 86.2 MPH)
|
Batting: RHB Omar Luoa
|
0-0: Ball 1-0: Foul Ball, location: 2F 1-1: Ball Russell Hamilton is caught stealing 2nd base 2-4 2-1: Foul Ball, location: 2F 2-2: Foul Ball, location: 2F 2-2: Strikes out looking
|
Batting: LHB Juan Jimínez
|
0-0: Foul Ball, location: 2F 0-1: Ground out 3-1 (Groundball, 34D, EV 105.6 MPH)
|
Top of the 6th over - 0 runs, 0 hits, 1 error, 0 left on base; Nolensville 1 - Salt Lake City 2 |
BOTTOM OF THE 6TH |
Salt Lake City Buzz batting - Pitching for Nolensville Knights : RHP Steve Young
|
Batting: RHB Vinnie Nuyten
|
0-0: Ball 1-0: Ball 2-0: Ball 3-0: Base on Balls
|
Batting: LHB Aaron Day
|
0-0: Foul Ball, location: 2F 0-1: Foul Ball, location: 2F 0-2: Fly out, F9 (Flyball, 9LM, EV 91.9 MPH)
|
Batting: RHB César Vélez
|
0-0: Ball 1-0: Ball 2-0: Ball 3-0: Base on Balls Vinnie Nuyten to second
|
Batting: SHB Cheong-hun Kang
|
0-0: Fielders Choice at 2nd, 6-4 (Groundball, 6, EV 83.1 MPH) Vinnie Nuyten to third
|
Batting: RHB Falco Opsteegh
|
0-0: Called Strike 0-1: Ball 1-1: Ball 2-1: Foul Ball, location: 2F 2-2: Fly out, F9 (Flyball, 9, EV 97.5 MPH)
|
Bottom of the 6th over - 0 runs, 0 hits, 0 errors, 2 left on base; Nolensville 1 - Salt Lake City 2 |
TOP OF THE 7TH |
Nolensville Knights batting - Pitching for Salt Lake City Buzz : RHP Masao Myoga
|
Batting: RHB Dave Maxwell
|
0-0: Swinging Strike 0-1: Ball 1-1: Foul Ball, location: 2F 1-2: Ground out U3 (Groundball, 3, EV 76.2 MPH)
|
Batting: RHB Dale Goodman
|
0-0: Ball 1-0: SINGLE (Line Drive, 56D, EV 95.6 MPH)
|
Batting: RHB Ace Felder
|
0-0: Called Strike 0-1: Ball 1-1: Foul Ball, location: 2F 1-2: Ball 2-2: Fly out, F4 (Popup, 4M, EV 69.4 MPH)
|
Pinch Hitting: LHB Brian Harmon
|
0-0: Ball Dale Goodman steals 2nd base 1-0: Called Strike 1-1: Reached on error, E9 (Line Drive, 9D, EV 93.8 MPH) Dale Goodman scores
|
Batting: LHB Jorge Mateu
|
0-0: Ball 1-0: Ball 2-0: Ball 3-0: Called Strike 3-1: Base on Balls
|
Batting: RHB Nick McGhee
|
0-0: Ball 1-0: Ball 2-0: Foul Ball, location: 2F 2-1: Called Strike 2-2: Strikes out swinging
|
Top of the 7th over - 1 run, 1 hit, 1 error, 2 left on base; Nolensville 2 - Salt Lake City 2 |
BOTTOM OF THE 7TH |
Salt Lake City Buzz batting - Pitching for Nolensville Knights : RHP Steve Young
|
Now at SS: Brian Harmon
|
|
Batting: LHB Glenn Lockhart
|
0-0: Foul Ball, location: 2F 0-1: Ball 1-1: Ball 2-1: Called Strike 2-2: Fly out, F4 (Popup, 4M, EV 63.8 MPH)
|
Batting: RHB Jun-soo Yi
|
0-0: Fly out, F8 (Flyball, 89S, EV 88.8 MPH)
|
Batting: RHB Juan Neváres
|
0-0: Ball 1-0: SINGLE (Groundball, 5D, EV 96.2 MPH)
|
Batting: RHB Ángel Saelices
|
0-0: Ball 1-0: Foul Ball, location: 2F 1-1: 2-RUN HOME RUN (Flyball, 7D, EV 104.4 MPH), Distance : 406 ft
|
Batting: RHB Vinnie Nuyten
|
0-0: Ball 1-0: Called Strike 1-1: Foul Ball, location: 2F 1-2: Strikes out swinging
|
Bottom of the 7th over - 2 runs, 2 hits, 0 errors, 0 left on base; Nolensville 2 - Salt Lake City 4 |
TOP OF THE 8TH |
Nolensville Knights batting - Pitching for Salt Lake City Buzz : RHP Masao Myoga
|
Pitching: RHP Dong-hwan Namgung
|
|
Batting: LHB Russell Hamilton
|
0-0: Fly out, F7 (Flyball, 7D, EV 103.1 MPH)
|
Batting: RHB Omar Luoa
|
0-0: Foul Ball, location: 2F 0-1: Ball 1-1: Called Strike 1-2: Foul Ball, location: 2F 1-2: Foul Ball, location: 2F 1-2: Ball 2-2: Foul Ball, location: 2F 2-2: Foul Ball, location: 2F 2-2: Ball 3-2: SINGLE (Groundball, 6MD, EV 96.9 MPH)
|
Batting: LHB Juan Jimínez
|
0-0: Fly out, F8 (Flyball, 8LM, EV 87.5 MPH)
|
Batting: RHB Dave Maxwell
|
0-0: Called Strike 0-1: Swinging Strike 0-2: Foul Ball, location: 2F 0-2: Ball 1-2: Ball 2-2: Foul Ball, location: 2F 2-2: Ball 3-2: Foul Ball, location: 2F 3-2: Base on Balls Omar Luoa to second
|
Batting: RHB Dale Goodman
|
0-0: Ball 1-0: Fly out, F9 (Flyball, 89S, EV 73.1 MPH)
|
Top of the 8th over - 0 runs, 1 hit, 0 errors, 2 left on base; Nolensville 2 - Salt Lake City 4 |
BOTTOM OF THE 8TH |
Salt Lake City Buzz batting - Pitching for Nolensville Knights : RHP Steve Young
|
Pitching: LHP Chun-yeong Byung-Ho
|
|
Batting: LHB Aaron Day
|
0-0: Called Strike 0-1: Ball 1-1: Swinging Strike 1-2: SINGLE (Groundball, 34D, EV 100.6 MPH)
|
Batting: RHB César Vélez
|
0-0: Called Strike 0-1: Foul Ball, location: 2F 0-2: Ball 1-2: Strikes out swinging
|
Batting: SHB Cheong-hun Kang
|
0-0: Called Strike 0-1: Ball 1-1: Ball 2-1: Foul Ball, location: 2F 2-2: Fly out, F6 (Line Drive, 6, EV 71.9 MPH)
|
Batting: RHB Falco Opsteegh
|
0-0: Ball 1-0: Ball 2-0: Ball 3-0: Called Strike 3-1: Base on Balls Aaron Day to second
|
Batting: LHB Glenn Lockhart
|
0-0: Called Strike 0-1: Called Strike 0-2: Ball 1-2: Ball 2-2: Ground out 4-3 (Groundball, 4, EV 102.5 MPH)
|
Bottom of the 8th over - 0 runs, 1 hit, 0 errors, 2 left on base; Nolensville 2 - Salt Lake City 4 |
TOP OF THE 9TH |
Nolensville Knights batting - Pitching for Salt Lake City Buzz : RHP Dong-hwan Namgung
|
Pitching: RHP Corbin Holling
|
|
Now at 1B: Ernesto Rivera
|
|
Batting: RHB Ace Felder
|
0-0: Ball 1-0: Called Strike 1-1: Foul Ball, location: 2F 1-2: Strikes out swinging
|
Batting: LHB Brian Harmon
|
0-0: Foul Ball, location: 2F 0-1: Ball 1-1: Fly out, F9 (Line Drive, 9D, EV 86.2 MPH)
|
Batting: LHB Jorge Mateu
|
0-0: Ball 1-0: Ball 2-0: Foul Ball, location: 2F 2-1: TRIPLE (Line Drive, 78XD, EV 108.8 MPH)
|
Batting: RHB Nick McGhee
|
0-0: Ball 1-0: Foul Ball, location: 2F 1-1: Fly out, F8 (Flyball, 8LM, EV 89.4 MPH)
|
Top of the 9th over - 0 runs, 1 hit, 0 errors, 1 left on base; Nolensville 2 - Salt Lake City 4 |
|